Cogmind - Beta 15 @@@ ROGUE MODE // 2025.07.28 @ 00:24:32 Player: Nikita Cogmindochkin Result: Destroyed by S-10 Pest with Light Assault Rifle Performance ------------- Evolutions (0) 0 Regions Visited (1) 200 Robots Destroyed (3) 15 Value Destroyed (78) 78 Prototype IDs (0) 0 Alien Tech Used (0) 0 Bonus (0) 0 TOTAL SCORE: 293 Bonus ------- None Cogmind --------- Core Integrity 0/250 Matter 299/300 Energy 99/100 System Corruption 0% Temperature Cool (0) Movement Rolling (100) Location -10/Materials Parts ------- > --- POWER (1) -------- (None) > --- PROPULSION (2) --- Compact Wheel > --- UTILITY (2) ------ Small Storage Unit > --- WEAPON (2) ------- (None) > --- INVENTORY (8) ---- Aluminum Leg Flight Unit Heat Sink Large Matter Pod (9) Seismic Detector Small Laser Datajack Peak State ------------ > --- POWER ------------ Ion Engine > --- PROPULSION ------- Aluminum Leg Aluminum Leg > --- UTILITY ---------- Small Storage Unit Large Matter Pod > --- WEAPON ----------- Medium Laser > --- INVENTORY -------- Light Ion Engine Wheel Compact Wheel Assault Rifle [Rating: 6] Favorites ----------- Power Ion Engine Engine Ion Engine Propulsion Aluminum Leg Leg Aluminum Leg Wheel Wheel Utility Small Storage Unit Device Structural Scanner Storage Small Storage Unit Weapon Medium Laser Energy Gun Medium Laser Special Weapon Welding Torch Build | -11 -10 ------- Run | Yrd Mat Slots Evolved . | . . Power . | . . Propulsion . | . . Utility . | . . Weapon . | . . Parts Attached 11 | 5 6 Power 2 | 1 1 Engine 2 | 1 1 Core . | . . Reactor . | . . Propulsion 4 | 2 2 Treads . | . . Leg 2 | 2 . Wheel 2 | . 2 Hover . | . . Flight . | . . Utility 3 | 1 2 Device 1 | . 1 Storage 2 | 1 1 Processor . | . . Hackware . | . . Protection . | . . Artifact . | . . Weapon 2 | 1 1 Energy Gun 1 | 1 . Energy Cannon . | . . Ballistic Gun . | . . Ballistic Cannon . | . . Launcher . | . . Special Weapon 1 | . 1 Impact Weapon . | . . Slashing Weapon . | . . Piercing Weapon . | . . Special Melee Weapon . | . . Unidentified Prototypes . | . . Parts Lost 8 | . 8 Power 2 | . 2 Propulsion 3 | . 3 Utility 1 | . 1 Weapon 2 | . 2 Highest Loss Streak 7 | . 7 To Critical Strikes . | . . Average Backups 4 | 2 4 Power . | . . Propulsion 2 | 1 2 Utility . | . . Weapon . | . . Tool/Special . | . . Unused Backups 7 | 1 6 Power . | . . Propulsion 3 | 1 2 Utility 2 | . 2 Weapon 2 | . 2 Tool/Special . | . . Average Slot Usage (%) 70 | . 70 Engine 10 | . 10 Leg 21 | . 21 Wheel 4 | . 4 Device 2 | . 2 Storage 19 | . 19 Energy Gun 9 | . 9 Special Weapon 1 | . 1 Peak Build Rating 6 | 5 6 Average Rating 4 | 3 4 On Entrance 2 | . 5 Naked Turns . | . . Heaviest Build 15 | 12 15 Greatest Support 26 | 20 26 Greatest Overweight (x) 3 | . 3 Average Overweight (x) . | . . Largest Inventory Capacity 8 | 8 8 Average Capacity 7 | 7 8 Most Carried 7 | 5 7 Average Carried 4 | 2 4 Final Capacity 8 | 8 8 Final Carried 7 | 4 7 Class Distribution -------------------- 100% | Mutant Dominant Class ---------------- Mutant | -10/Materials Resources | -11 -10 ----------- Run | Yrd Mat Matter Collected 284 | 159 125 Remotely . | . . Salvage Created 113 | . 113 Parts 9 | . 9 Haulers Intercepted . | . . Recyclers Shooed . | . . Parts Field Recycled . | . . Retrieved Matter . | . . Parts Self-Destructed . | . . Prevented . | . . Kills | -11 -10 ------- Run | Yrd Mat Combat Hostiles Destroyed 3 | . 3 Guns 3 | . 3 Classes Destroyed 2 | . 2 Swarmer 1 | . 1 Grunt 2 | . 2 Best Kill Streak 2 | . 2 Combat Bots Only 2 | . 2 Max Kills in Single Turn 1 | . 1 Gunslinging . | . . Exploded . | . . Melee . | . . Uniques/NPCs Destroyed . | . . Combat | -11 -10 -------- Run | Yrd Mat Hostile Shots Fired 109 | . 109 Missed 27 | . 27 Hits 82 | . 82 Projectile 82 | . 82 Damage Taken 762 | . 762 Core 252 | . 252 Absorbed by Shields . | . . Core Remaining (%) 100 | 100 . Volleys Fired 39 | . 39 Largest 1 | . 1 Hottest 50 | . 50 Shots Fired 39 | . 39 Gun 28 | . 28 Cannon . | . . Launcher . | . . Special 11 | . 11 Kinetic . | . . Thermal 39 | . 39 Explosive . | . . Electromagnetic . | . . Robot Hit Streak 4 | . 4 Robot Miss Streak 5 | . 5 Penetration Max . | . . Secondary Targets . | . . Shots Hit Robots 15 | . 15 Core Hits 9 | . 9 Critical Kills . | . . Critical Parts Destroyed . | . . Critical Strikes . | . . Melee Attacks . | . . Impact . | . . Slashing . | . . Piercing . | . . Sneak Attacks . | . . Combat Hostiles . | . . Follow-up Attacks . | . . Damage Inflicted 202 | . 202 Guns 186 | . 186 Cannons . | . . Explosions . | . . Melee . | . . Ramming 7 | . 7 Kinetic . | . . Thermal 195 | . 195 Explosive . | . . Electromagnetic . | . . Impact . | . . Slashing . | . . Piercing . | . . Highest Corruption . | . . Average Corruption . | . . Corruption Purged . | . . Corruption Blocked . | . . Overload Shots . | . . Overflow Damage . | . . Projectiles . | . . Explosions . | . . Melee . | . . Knockbacks . | . . Impact . | . . Kinetic . | . . Secondary . | . . Self-Inflicted Damage 3 | . 3 Shots . | . . Rammed 1 | . 1 Targets Rammed 1 | . 1 Kicked . | . . Crushed . | . . Highest Temperature 106 | . 106 Average Temperature 34 | . 34 Received Heat Transfer 198 | . 198 Siege Activations . | . . Martial Activations . | . . Shielding Activations . | . . Robots Disrupted . | . . Combat Hostiles . | . . Robots Corrupted . | . . Combat Hostiles . | . . Parts Fried . | . . Impact Corruptions . | . . Robots Melted . | . . Combat Hostiles . | . . Parts Melted 1 | . 1 Heat Transferred 630 | . 630 Parts Sabotaged . | . . Parts Stolen . | . . Parts Stripped . | . . Power Chain Reactions . | . . Alert | -11 -10 ------- Run | Yrd Mat Maximum Alert Level . | . . Low Security (%) 100 | 100 100 Level 1 . | . . Level 2 . | . . Level 3 . | . . Level 4 . | . . Level 5 . | . . High Security . | . . Max Security . | . . Peak Influence 85 | . 85 Initial . | . . Average 18 | . 22 Influence Increases 224 | . 224 Destroy 0b10 Robot/C 60 | . 60 Destroy Leader 20 | . 20 Successful Hack 24 | . 24 Lose Combat Pursuer 120 | . 120 Influence Decreases 174 | . 174 Time Decay 104 | . 104 Lost Part 70 | . 70 Squads Dispatched 3 | . 3 Investigation 2 | . 2 Extermination . | . . Reinforcement 1 | . 1 Assault . | . . Garrison . | . . Intercept . | . . Searches Triggered . | . . Construction Impeded . | . . Haulers Reinforced . | . . Active Scanning Responses . | . . Cargo Convoy Interrupts . | . . Stealth | -11 -10 --------- Run | Yrd Mat Distress Signals 2 | . 2 Communications Jammed . | . . Distress Signals . | . . Times Spotted 15 | . 15 Peak Tracking Total 9 | . 9 Tactical Retreats 4 | . 4 Traps | -11 -10 ------- Run | Yrd Mat Traps Triggered . | . . Indirectly . | . . Trap Hack Attempts . | . . Triggered . | . . Disarmed . | . . Reprogrammed . | . . Reused . | . . Traps Extracted . | . . Installed . | . . Triggered . | . . Machines | -11 -10 ---------- Run | Yrd Mat Machines Disabled . | . . Max in Single Turn . | . . Machines Repaired . | . . Machines Dismantled . | . . Machines Sabotaged . | . . Overloaded Fab Kills . | . . Hacking | -11 -10 --------- Run | Yrd Mat Machines Accessed 2 | . 2 Terminals 1 | . 1 Fabricators . | . . Repair Stations . | . . Recycling Units 1 | . 1 Scanalyzers . | . . Garrison Access . | . . Total Hacks 9 | . 9 Successful 5 | . 5 Failed 4 | . 4 Catastrophic . | . . Database Lockouts . | . . Manual . | . . Terminals 4 | . 4 Fabricators . | . . Repair Stations . | . . Recycling Units 5 | . 5 Scanalyzers . | . . Garrison Access . | . . Terminal Hacks 2 | . 2 Record 2 | . 2 Fabricator Hacks . | . . Repair Station Hacks . | . . Recycling Unit Hacks 3 | . 3 Recycle Component 1 | . 1 Report Inventory 1 | . 1 Retrieve Components 1 | . 1 Scanalyzer . | . . Garrison Access Hacks . | . . Unauthorized Hacks . | . . Terminals . | . . Fabricators . | . . Repair Stations . | . . Recycling Units . | . . Scanalyzers . | . . Garrison Access . | . . Data Cores Recovered . | . . Used . | . . Hacking Detections 2 | . 2 Full Trace Events 2 | . 2 Feedback Events . | . . Feedback Blocked . | . . Robot Schematics Acquired . | . . Robots Built . | . . Authchips . | . . Time . | . . Total Robot Build Rating . | . . Part Schematics Acquired . | . . Parts Built . | . . Authchips . | . . Time . | . . Total Part Build Rating . | . . Parts Repaired . | . . Time . | . . Parts Recycled 1 | . 1 Recycled Matter . | . . Retrieved Matter . | . . Retrieved Components 1 | . 1 Parts Scanalyzed . | . . Part Schematics Acquired . | . . Parts Damaged . | . . Bothacking | -11 -10 ------------ Run | Yrd Mat Used RIF Installer . | . . Robots Hacked . | . . Non-combat . | . . Combat . | . . Robot Hacks Applied . | . . Relay Couplers Released . | . . Fabnet Peak Effective % . | . . Robots Rewired . | . . Allies Hacked . | . . Hacks Repelled . | . . Allies | -11 -10 -------- Run | Yrd Mat Total Allies . | . . Largest Group . | . . Highest-Rated Group . | . . Highest-Rated Ally . | . . Total Orders . | . . Ally Attacks . | . . Total Damage . | . . Kills . | . . Allies Corrupted . | . . Allies Melted . | . . Intel | -11 -10 ------- Run | Yrd Mat Active Infowar (turns) 67 | . 67 Structural 67 | . 67 Robot Analysis Total . | . . Derelict Logs Recovered . | . . Drone Launches . | . . Drone Recoveries . | . . Exploration | -11 -10 ------------- Run | Yrd Mat Turns Passed 368 | 69 299 Spaces Moved 230 | 48 182 Core 8 | 7 1 Treads . | . . Legs 158 | 41 117 Wheels 64 | . 64 Hover . | . . Flight . | . . Fastest Speed 50 | 50 80 Average Speed 109 | 109 110 Slowest Speed 200 | 120 200 Overloaded Moves . | . . Propulsion Burnouts . | . . Robots Hopped . | . . Potential Cave-ins . | . . Cave-ins Triggered . | . . Exploration Rate (%) 16 | 3 29 Regions Visited 1 Branch Regions . Pre-discovered Areas . | . . Known Exits Taken . | . . Unknown Exits Taken 1 | 1 . Scrap Searched . | . . Spaces Dug . | . . Terrain Destroyed . | . . Melee . | . . Projectile . | . . AOE . | . . Terrain Rammed . | . . Walls Destroyed . | . . Machines Disabled . | . . Actions | -11 -10 --------- Run | Yrd Mat Total 304 | 65 239 Wait 3 | 2 1 Move 229 | 47 182 Hop . | . . Pick Up 19 | 10 9 Fast Attach . | . . Attach 10 | 5 5 Detach . | . . Swap 2 | . 2 Drop 1 | 1 . Fire 39 | . 39 Melee . | . . Ram 1 | . 1 Kick . | . . Crush . | . . Escape Stasis . | . . Rewire . | . . Trap . | . . Miscellaneous . | . . Route ------- -11/Scrapyard -10/Materials (discovered 1 exit: [*Mat]) History --------- Turn | Location | Event 27 | -11/Scrapyard | Discovered new exit (range 15) 70 | -11/Scrapyard | Entered Materials 287 | -10/Materials | Core integrity fell below 50% 316 | -10/Materials | Core integrity fell below 20% 338 | -10/Materials | Lost 7 parts (2p2n1u2w) 343 | -10/Materials | Build established: Mutant 351 | -10/Materials | Discovered new exit (range 14) 369 | -10/Materials | Destroyed by S-10 Pest with Light Assault Rifle Last Messages --------------- M002. 00280_ Aluminum Leg destroyed. 00281_ S-10 Pest destroyed. 00283_ Acquired 15 matter. 00293_ G-34 Mercenary destroyed. 00294_ Acquired 48 matter. 00297_ Structural Scanner destroyed. 00298_ Acquired Heat Sink. 00299_ S-10 Pest destroyed. 00300_ Acquired Sml. Laser. 00302_ Aluminum Leg destroyed. 00306_ Med. Laser destroyed. 00307_ Lgt. Ion Engine destroyed. 00320_ Acquired Flight Unit. 00322_ Acquired 12 matter. 00337_ Slammed into U-05 Engineer. 00344_ Acquired Seismic Detector. 00348_ Acquired Datajack. 00351_ EXIT=FOUND 00366_ Wheel destroyed. Map ----- +----------------------------------------------------+ | ## # ???????????????????? | | ## |! """ # ???????????????????? | | ## | """ # ???????????????????? | | ##### |! """ # ???????????????????? | | =*= + # ???????????????????? | | #### # ???????????????????? | | #### = # ???????????#???????? | | =#### "Y" # ?????????? #???????? | | #### """ ##???#######+###?????? | | ################## #?????? | | + #?????? | | ############### ## !!! #?????? | | ##????????????# ## !! #?????? | | ##????????????# ## !!! #?????? | | ##????????????# ## #?????? | | ##########????# ## #?????? | | # #????# ## #?????? | | # #????# ######+#####?????? | | # """ #????# #### #???????? | | # """"" #????# #???????? | | + """"" #????# " #???????? | | # """"" #????# s #???????? | | ## """ ########/## #???????? | | ## ## ## ########?? | | ## ## """ ## # # | | ############ """ ## @ """ # | | #??????????# """ ## # """ # | | #??????????# ## # """ ? | | #??????????# """ " ## #? ?? | | #??????????# """ T ## #?""" ?? | | #??????????# """ " ## #??"" ? | | ???????????# ## < #??"" ? | | ???????????########### #??? ?? | | ?????????????????????#####????????? | | ??????????????????????????????????? | | ??????????????????????????????????? | | ??????????????????????????????????? | | ??????????????????????????????????? | | ??????????????????????????????????? | | ??????????????????????????????????? | | ??????????????????????????????????? | | | | | | | | | | | | | | | | | | | +----------------------------------------------------+ Best States ------------- Heat Dissipation 25 Energy Generation 10 Energy Capacity 250 Matter Stores 294 Matter Capacity 450 Sight Range 16 Terrain Scan Density 10 Evasion (%) 55 Item Schematics ----------------- None Robot Schematics ------------------ None Fabricated ------------ Nothing Repaired ---------- Nothing Alien Tech Used ----------------- None Achievements -------------- None Challenges ------------ None Game ------ Seed DisposableFrostProjector Manual? 0 Play Time 00:11:00 Cumulative 1.9 hours Start 2025.07.28 @ 00:09:36 End 2025.07.28 @ 00:24:32 Sessions 1 Manual Loads 0 Difficulty Rogue Special Mode None Game No. 6 Rogue 6 Adventurer 0 Explorer 0 Win Type - Total 0 Types 0/0/0/0/0/0/0/0/0/0 Lore% 0 Gallery% 4 Achievement% 12 Wizard Run 0 Options --------- Layout 1 ASCII 0 Keyboard 0 Movement Mouse Keybinds 0 Fullscreen 1 Font 32/SmallcapsGlow Map View 77x35 Zoom Use 0% Tactical HUD 1 Map Filters NONE Filters NONE Steam 1 RUN: 7c75adfb-0100-4afd-aea5-9b391d15635b